AoeStats
← Křovák

Arena

509937240Analyzed
1v1 RM · 3d ago on Sep 28, 2026· 60m 55s· 2 players
Game mode
Random Map
Map size
Tiny (2 player)
Population
200
Speed
Normal
Resources
Standard
Victory
Conquest
Starting age
Dark Age
Ending age
Imperial Age
RankedLock teamsTeams togetherTeam positionsShared explorationLock speedFull tech treeHidden civsTurbo modeCheats
Victory
Defeat
🇨🇿 Bohemians · Czechia
856
+16
🇨🇿 Teutons · Czechia
849
-16
Gorsignol
12:06 Feudal Age
13:17 Double-Bit Axe
13:13 Horse Collar
14:15 Gold Mining
15:01 Scale Barding Armor
16:35 Wheelbarrow
18:08 Castle Age
17:40 Wheelbarrow
17:57 Forging
19:27 Pikeman
21:01 Pikeman
22:12 Scale Mail Armor
22:14 Man-at-Arms
24:25 Heavy Plow
26:29 Bow Saw
25:50 Long Swordsman
25:55 Elite Skirmisher
27:32 Hand Cart
28:33 Fortified Wall
32:05 Imperial Age
29:42 Fletching
30:51 Ballistics
30:34 Bodkin Arrow
30:41 Padded Archer Armor
32:10 Leather Archer Armor
33:20 Crop Rotation
33:53 Two-Man Saw
34:30 Chemistry
33:38 Onager
34:34 Masonry
33:58 Cavalier
35:17 Chain Barding Armor
36:00 Siege Engineers
36:57 Bloodlines
36:55 Heavy Scorpion
41:16 Paladin
42:45 Siege Onager
44:13 Plate Barding Armor
46:15 Iron Casting
55:10 Capped Ram
Křovák
9:46 Loom
12:55 Feudal Age
14:40 Double-Bit Axe
17:27 Castle Age
16:00 Horse Collar
18:41 Bow Saw
18:35 Heavy Plow
30:48 Imperial Age
28:04 Town Watch
29:53 Crossbowman
30:29 Fletching
30:40 Padded Archer Armor
31:43 Chemistry
31:04 Ballistics
30:40 Murder Holes
34:46 Two-Man Saw
33:59 Bodkin Arrow
34:19 Leather Archer Armor
34:07 Arbalester
35:24 Bracer
48:26 Pikeman
49:06 Squires
49:20 Forging
49:10 Scale Mail Armor
49:40 Ring Archer Armor
50:18 Halberdier
53:54 Chain Mail Armor
54:15 Iron Casting
56:20 Arson
57:54 Blast Furnace
57:25 Plate Mail Armor
60:56 Wheelbarrow
Connection lost

Rejoining the realm…

Still unreachable

The connection could not be restored.

Session expired

The server has moved on; the page needs a fresh start.